 Dungeon Crawl Stone Soup version 0.21-a0-264-g3e31e41 (webtiles) character file.

4 Veritae the Sneak (level 1, 0/9 HPs)
             Began as a Spriggan Enchanter on Sept 10, 2017.
             Slain by a giant cockroach (2 damage)
             ... on level 1 of the Dungeon.
             The game lasted 00:01:04 (169 turns).

Veritae the Sneak (Spriggan Enchanter)               Turns: 169, Time: 00:01:05

Health: 0/9        AC:  2    Str:  4    XL:     1   Next: 58%
Magic:  3/5        EV: 18    Int: 16    God:
Gold:   7          SH:  0    Dex: 16    Spells: 5/6 levels left

rFire    . . .     SeeInvis +   a - +1 dagger
rCold    . . .     Gourm    .   (shield restricted)
rNeg     . . .     Faith    .   b - +0 robe
rPois    .         Spirit   .   (helmet restricted)
rElec    .         Reflect  .   (no cloak)
rCorr    .         Harm     .   (gloves unavailable)
MR       .....                  (boots unavailable)
Stlth    +++.......             (no amulet)
HPRegen  0.03/turn              (no ring)
MPRegen  0.09/turn              (no ring)

@: very quick
A: unfitting armour, see invisible, herbivore 3, speed 3, slow metabolism 2
a: no special abilities


You were on level 1 of the Dungeon.
You were not hungry.

You visited 1 branch of the dungeon, and saw 1 of its levels.

You collected 7 gold pieces.

Inventory:

Hand Weapons
 a - a +1 dagger (weapon)
Armour
 b - a +0 robe (worn)
Books
 c - a book of Maledictions

   Spells                             Type                      Level
   a - Corona                         Hexes                        1
   b - Ensorcelled Hibernation        Hexes/Ice                    2
   c - Confuse                        Hexes                        3
   d - Tukima's Dance                 Hexes                        3
   e - Dazzling Spray                 Conjuration/Hexes            3
Comestibles
 d - a bread ration


   Skills:
 - Level 1.1 Short Blades
 - Level 3.0 Dodging
 - Level 4.4 Stealth
 + Level 3.0 Spellcasting
 + Level 3.8 Hexes


You had 5 spell levels left.
You knew the following spells:

 Your Spells              Type           Power        Failure   Level  Hunger
a - Corona                Hex            ##.....      3%          1    #......


Dungeon Overview and Level Annotations

Branches:
Dungeon (1/15)

Altars:


Innate Abilities, Weirdness & Mutations

You are very small and have problems with some larger weapons.
You are too small for most types of armour.
You have supernaturally acute eyesight. (SInv)
You are a herbivore.
You cover ground extremely quickly.
You need consume almost no food.


Message History

You hit the giant cockroach but do no damage.
The giant cockroach bites you.
You hit the giant cockroach but do no damage.
The goblin misses you. The giant cockroach bites you.
Okay, then.
Unknown command.
You aren't carrying any potions.
Unknown command.
Unknown command.
You hit the giant cockroach but do no damage.
The giant cockroach completely misses you.
The goblin closely misses you.
You hit the giant cockroach but do no damage.
The giant cockroach closely misses you. The goblin hits you with a club.
* * * LOW HITPOINT WARNING * * *
You hit the giant cockroach.
The giant cockroach is moderately wounded.
The giant cockroach stops glowing.
The giant cockroach misses you. The goblin closely misses you.
The giant cockroach bites you.
You die...

##########
#....s...#
####........#
#.........g.#
+g..........
#s#..s.....
#@#.......#
#g#...###.#####
#s#....g......#
#...##....###.#
#.............#
#.###.....#####
### #.......#.#
#<##
#######.#.#
#..# ##
#.###.#.#


You could see 2 giant cockroaches and 2 goblins.

Vanquished Creatures
  A goblin (D:1)
  2 hobgoblins (D:1)
  A bat (D:1)
4 creatures vanquished.

Notes
Turn   | Place    | Note
-------+----------+-------------------------------------------
     0 | D:1      | Veritae the Spriggan Enchanter began the quest for the Orb.
     0 | D:1      | Reached XP level 1. HP: 9/9 MP: 5/5
   169 | D:1      | Slain by a giant cockroach

Vault maps used:
D:1:      lemuel_arrival_tunnels, st_stairs_9, minmay_curled_crystal

Skill      XL: |  1 |
---------------+----+-----
Spellcasting   | 3 |  3.0
Short Blades   | |  1.1
Dodging        | |  3.0
Stealth        | |  4.4
Hexes          | |  3.8

Action                   || total
-------------------------++-------
Melee: Dagger            ||    22
 Cast: Corona            ||     5
 Stab: Sleeping          ||     1
Armor: Robe              ||     3
Dodge: Dodged            ||    27

Table legend:
 A = Spawn XP
 B = Non-spawn XP
 C = Spawn XP percentage of total XP
 D = Spawn monster count
 E = Non-spawn monster count
 F = Spawn count percentage of total count
 G = Total turns spent on level
                    A         B        C        D         E        F      G
               +---------+---------+-------+---------+---------+-------+---------
         Total |       0 |       7 |   0.0 |       0 |       4 |   0.0 |   169
               +---------+---------+-------+---------+---------+-------+---------
           D:1 |       0 |       7 |   0.0 |       0 |       4 |   0.0 |   169
               +---------+---------+-------+---------+---------+-------+---------
